 Dungeon Crawl Stone Soup version 0.28-a0-258-g8de209e91f (webtiles) character file.

Game seed: 17519060420660286139

74 SkeletonJelly the Slasher (level 4, -6/38 HPs)
             Began as a Draconian Chaos Knight on Aug 26, 2021.
             Was a Plaything of Xom.
             Mangled by Natasha (8 damage)
             ... on level 1 of the Dungeon.
             The game lasted 00:01:51 (802 turns).

SkeletonJelly the Slasher (Draconian Chaos Knight)   Turns: 802, Time: 00:01:52

Health: -6/38      AC:  5    Str: 15    XL:     4   Next: 9%
Magic:  4/4        EV: 12    Int: 13    God:    Xom [..*...]
Gold:   14         SH:  0    Dex: 10    Spells: 3/3 levels left

rFire   . . .      SeeInvis .   a - +0 falchion (chaos)
rCold   . . .      Faith    .   (no shield)
rNeg    . . .      Spirit   .   (armour unavailable)
rPois   .          Reflect  .   (helmet restricted)
rElec   .          Harm     .   (no cloak)
rCorr   .          Rampage  .   (no gloves)
Will    .....                   (no boots)
Stlth   +.........              (no amulet)
HPRegen 0.12/turn               (no ring)
MPRegen 0.09/turn               (no ring)

@: slowed, very slow
A: AC +5, unfitting armour, cold-blooded
a: Renounce Religion


You were on level 1 of the Dungeon.
You worshipped Xom.
You were a toy of Xom.
You visited 1 branch of the dungeon, and saw 2 of its levels.

You collected 14 gold pieces.

Inventory:

Hand Weapons
 a - a +0 falchion of chaos (weapon)
Scrolls
 c - a scroll of identify {unknown}
 d - 3 scrolls of fog {unknown}
 e - 3 scrolls of amnesia {unknown}
Potions
 b - 2 potions of brilliance {unknown}
 f - a potion of might {unknown}


   Skills:
 - Level 3.2 Fighting
 + Level 5.0 Long Blades
 - Level 2.1 Dodging


You had 3 spell levels left.
You didn't know any spells.
Your spell library was empty.

Dungeon Overview and Level Annotations

Branches:
Dungeon (2/15)

Altars:

Annotations:
D:1 Natasha


Innate Abilities, Weirdness & Mutations

Your plain brown scales are hard. (AC +5)
You cannot fit into any form of body armour.
You are cold-blooded and may be slowed by cold attacks.


Message History

Level map cleared.
You hear a zap.
You hear a grinding noise.
You hear a zap.
You hear a grinding noise.
You hear a zap.
You hear a grinding noise.
Natasha, Servant of Life and Death comes into view.
She is carrying a wand of digging (1).
You regained 2 hp, and now have 26/31 hp.
You hit Natasha.
Natasha's magic leaks into the air.
Natasha is lightly wounded.
Natasha barely misses you.
You riposte.
You slash Natasha!
Your tail-slap misses Natasha.
Natasha is severely wounded.
You closely miss Natasha.
You tail-slap Natasha, but do no damage.
Natasha is severely wounded.
Natasha mumbles some strange words.
Natasha shimmers violently.
Natasha claws you.
You take 2 damage, and have 25/31 hp.
You hit Natasha.
Natasha goes berserk!
Xom is highly amused!
Natasha is almost dead.
Natasha barely misses you. x2
You hit Natasha but do no damage.
Natasha seems to speed up.
Natasha is almost dead.
Natasha barely misses you.
You closely miss Natasha.
Natasha is almost dead.
Natasha barely misses you.
You riposte.
You completely miss Natasha.
Natasha is almost dead.
Natasha barely misses you.
You barely miss Natasha.
Natasha is almost dead.
Natasha claws you. x2
You take 3 damage, and have 22/31 hp.
You hit Natasha. You burn Natasha.
You kill Natasha!
Natasha screams in fury as she dies!
Your Long Blades skill increases to level 5!
You have reached level 4!
You feel clever.
You regained 5 hp, and now have 27/38 hp.
MP restored: 4 No target in view!
No target in view!
No target in view!
No target in view!
Unknown command.
You hear a zap.
You hear a grinding noise.
HP restored.
Key pressed, stopping explore.
Natasha, Servant of Life and Death comes into view.
Health restored: 38 Natasha is nearby!
Natasha is nearby!
Natasha stares at you and mumbles some strange words.
You resist with some effort.
You closely miss Natasha. Natasha claws you but does no damage.
You closely miss Natasha. Natasha closely misses you.
You hit Natasha but do no damage.
Natasha seems to speed up.
Xom thinks this is hilarious!
Natasha stares at you and mumbles some strange words.
You feel yourself slow down. Natasha claws you!
You take 7 damage, and have 31/38 hp.
You hit Natasha but do no damage.
Natasha flickers and vanishes!
Deactivating autopickup; reactivate with Ctrl-A.
Something claws you but does no damage.
You hear some strange, mumbled words.
A magic dart appears from out of thin air!
The magic dart hits you.
You take 4 damage, and have 27/38 hp.
No target in view!
No target in view!
No target in view!
No target in view!
No target in view!
No target in view!
You barely miss something.
Your tail-slap misses something.
Something claws you but does no damage. Something barely misses you.
You miss something.
You hear some strange, mumbled words.
Something tries to affect you, but you resist.
Something claws you!
You take 8 damage, and have 19/38 hp.
MASSIVE DAMAGE!!
You miss something.
Your tail-slap misses something.
Something claws you but does no damage. x2; Something claws you!
You take 7 damage, and have 12/38 hp.
You barely miss something. Something claws you. x2
* * * LOW HITPOINT WARNING * * *
You take 3 damage, and have 9/38 hp.
You miss something.
You hear some strange, mumbled words. x2
A magic dart appears from out of thin air!
The magic dart hits you!
* * * LOW HITPOINT WARNING * * *
Something claws you but does no damage.
You take 7 damage, and have 2/38 hp.
You hit something.
You hear some strange, mumbled words.
Something claws you!
You die...
Xom chortles!

,*#...### #.#**..# *,,,,,,,,,
,*#...#.# #.#*#..# *,,,,,,,,,
,*##...## #.#*...# ***,********
...##..### #.##..#* *,,,*
,#.......####.#...* *,***
....##.....##.#.#,****,#
#...*##.........#>,##..#
#..,**#........###....#*
.#..............@..#**********
.......##.#[.....{......,,,,,*
,*.#...8..#..###.#......,,,,,*
^*..8.....#...,...55....,*****
,*#.......#.............,,,,****
,*#.8.....##.......#####,,,,,,,**
,,,,,,,,,,*,,,.....#* ******,,,,
*,**8,,,,,***.......* *****
*,,,,,,,,,* *,,,,,,,**


You could see an iron imp (summoned) and a crimson imp (summoned).

Vanquished Creatures
  Natasha (twice) (D:1)
  2 dart slugs (D:1)
  3 endoplasms (D:1)
  A giant cockroach (D:1)
  2 goblins (D:1)
  2 hobgoblins (D:1)
  5 bats (D:1)
  2 frilled lizards (D:1)
  2 rats (D:1)
21 creatures vanquished.

Notes
Turn   | Place    | Note
-------+----------+-------------------------------------------
     0 | D:1      | SkeletonJelly the Draconian Chaos Knight began the quest
                  | for the Orb.
     0 | D:1      | Reached XP level 1. HP: 19/19 MP: 1/1
   129 | D:1      | Reached XP level 2. HP: 26/26 MP: 2/2
   349 | D:1      | XOM: divination: magic mapping
   353 | D:1      | Reached skill level 4 in Long Blades
   387 | D:1      | XOM: cloud trail
   457 | D:1      | Found a faded altar of an unknown god.
   619 | D:2      | Noticed an ogre
   654 | D:2      | Noticed Natasha
   660 | D:1      | Killed Natasha
   661 | D:1      | Reached XP level 3. HP: 24/31 MP: 3/3
   681 | D:1      | Noticed Natasha
   691 | D:1      | Killed Natasha
   692 | D:1      | Reached skill level 5 in Long Blades
   692 | D:1      | Reached XP level 4. HP: 27/38 MP: 4/4
   789 | D:1      | Noticed Natasha
   802 | D:1      | Mangled by Natasha

Illustrated notes

Levels and vault maps discovered:
D:1:      saegor_arrival_simple_d, layout_rooms,
          shapermc_ecumenical_altar_pompeii
D:2:      minmay_diamond_boxcup, layout_basic, uniq_sigmund, uniq_natasha,
          uniq_crazy_yiuf_cottage

Skill      XL: |  1  2  3 |
---------------+----------+-----
Long Blades    | 4 5 |  5.0
Fighting       | |  3.2
Dodging        | |  2.1

Action                   |  1- 3 |  4- 6 || total
-------------------------+-------+-------++-------
Melee: Falchion          |    48 |    10 ||    58
       Tailslap          |     4 |       ||     4
 Stab: Paralysed         |     1 |       ||     1
Armor: Skin              |    12 |     6 ||    18
Dodge: Dodged            |    34 |     2 ||    36
       Rpst.: Falchion   |    11 |       ||    11

Table legend: (Time is in decaauts)
 A = Elapsed time spent in this place.
 B = Non-inter-level travel time spent in this place.
 C = Inter-level travel time spent in this place.
 D = Time resting spent in this place.
 E = Time spent auto-exploring this place.
 F = Levels seen in this place.
 G = Mean time per level.
                   A        B        C        D        E       F      G
               +--------+--------+--------+--------+--------+-----+--------+
         Total |    817 |    776 |     41 |      0 |    628 |   2 |  408.5 |
       Dungeon |    817 |    776 |     41 |      0 |    628 |   2 |  408.5 |
               +--------+--------+--------+--------+--------+-----+--------+

Top non-repeatable levels by time:
     D:1: 813 daAuts
     D:2: 4 daAuts
